 Dungeon Crawl Stone Soup version 0.22-a0-322-g60b3cfd (webtiles) character file.

229 Cattac the Vandal (level 6, 0/43 HPs)
             Began as a Halfling Hunter on Apr 4, 2018.
             Was an Initiate of the Shining One.
             Killed from afar by an orc wizard (7 damage)
             ... with a magic dart
             ... on level 4 of the Dungeon.
             The game lasted 00:26:09 (3244 turns).

Cattac the Vandal (Halfling Hunter)                 Turns: 3244, Time: 00:26:10

Health: 0/43       AC:  8    Str: 15    XL:     6   Next: 23%
Magic:  15/15      EV: 14    Int: 10    God:    the Shining One [......]
Gold:   63         SH:  2    Dex: 17    Spells: 5/5 levels left

rFire    . . .     SeeInvis .   z - +0 flail
rCold    . . .     Gourm    .   (shield restricted)
rNeg     . . .     Faith    .   k - +0 scale mail
rPois    .         Spirit   .   j - +0 hat
rElec    .         Reflect  +   (no cloak)
rCorr    .         Harm     .   (no gloves)
MR       .....                  D - +0 pair of boots
Stlth    ..........             x - +2 amulet of reflection
HPRegen  0.14/turn              G - ring of the Octopus King {MP+9 AC+1 EV+1 Str+1 Int+1 Dex+1}
MPRegen  0.14/turn              d - ring of flight

@: about to teleport, glowing
A: small, mutation resistance 1
a: Renounce Religion, Evoke Flight


You were on level 4 of the Dungeon.
You worshipped the Shining One.
The Shining One was noncommittal.
You were not hungry.

You visited 2 branches of the dungeon, and saw 5 of its levels.

You collected 99 gold pieces.
You donated 36 gold pieces to Zin.

Inventory:

Hand Weapons
 a - a +1 hunting sling
 b - a +0 short sword
 z - a +0 flail (weapon)
Missiles
 g - 34 bolts
 i - 102 stones (quivered)
Armour
 e - a +0 ring mail
 j - a +0 hat (worn)
 k - a +0 scale mail (worn)
 D - a +0 pair of boots (worn)
Jewellery
 d - a ring of flight (right hand)
 p - an uncursed ring of magical power
 r - an uncursed ring of protection from cold
 x - a +2 amulet of reflection (around neck)
 y - an uncursed ring of protection from cold
 G - a ring of the Octopus King (left hand) {MP+9 AC+1 EV+1 Str+1 Int+1 Dex+1}
   (You found it on level 4 of the Dungeon)

   [ring of magical power]

   It affects your AC (+1).
   It affects your evasion (+1).
   It affects your strength (+1).
   It affects your intelligence (+1).
   It affects your dexterity (+1).
   It affects your magic capacity (+9).
Scrolls
 c - 6 scrolls of remove curse
 h - a scroll of noise {unknown}
 l - a scroll of magic mapping {unknown}
 n - 2 scrolls of fog {unknown}
 o - a scroll of blinking {unknown}
 q - a scroll of enchant weapon {unknown}
 t - 2 scrolls of teleportation
 u - 3 scrolls of fear {unknown}
 v - 5 scrolls of identify {unknown}
 B - a scroll of random uselessness {unknown}
 E - a scroll of immolation {unknown}
Potions
 m - a potion of curing {unknown}
 s - a potion of invisibility
 w - a potion of flight
 A - a potion of degeneration {unknown}
 C - a potion of lignification
Comestibles
 f - 6 rations


   Skills:
 * Level 4.1 Fighting
 + Level 7.1 Slings
 + Level 3.7 Dodging
 - Level 1.1 Stealth


You had 5 spell levels left.
You didn't know any spells.

Dungeon Overview and Level Annotations

Branches:
Dungeon (4/15)             Temple (1/1) D:4

Altars:
Ashenzari
Cheibriados
Dithmenos
Fedhas
Gozag
Hepliaklqana
Kikubaaqudgha
Makhleb
Okawaru
Qazlal
Ru
Sif Muna
Uskayaw
Vehumet
Xom
Yredelemnul
Zin
The Shining One


Innate Abilities, Weirdness & Mutations

You are small and have problems with some larger weapons.
You are somewhat resistant to further mutation.


Message History

The orc wizard gestures at you while chanting.
The magic dart hits you!
* * * LOW HITPOINT WARNING * * *
As you read the scroll of teleportation, it crumbles to dust.
You feel strangely unstable.
The orc wizard mumbles some strange words.
The orc wizard blinks!
Something hits you but does no damage.
You barely miss the orc wizard.
The orc wizard hits you but does no damage.
The orc priest barely misses you. The orc wizard casts a spell at you.
The magic dart hits you!
* * * LOW HITPOINT WARNING * * *
Something hits you but does no damage. The orc priest misses you.
The orc wizard misses you.
Okay, then.
Your scale mail prevents you from hitting something.
The orc wizard points at you and mumbles some strange words.
The magic dart hits you!
You die...

#.#####.#.#.##.##
#.# #.#.#(##.#
#.# #[#.#.##.#
#.# #.#......#
#o# #o#.#.####
#.# #.#.#.# #o#
#.###.# ... #.#
#o# ..... #.###@#
.(....# #.#.o{#
#.....o# #.#(###
#......#
#.#.###########
#.......
#.#...........#
#.#.######o####
#.####..<#.##
#..o........#
######......#


You could see an orc priest and an orc wizard.

Vanquished Creatures
  Jessica (D:3)
  An iguana (D:4)
  Terence (D:3)
  A worker ant (D:4)
  5 adders
  2 worms (D:3)
  4 dart slugs
  2 leopard geckos
  An orc (D:4)
  A ball python (D:3)
  4 giant cockroaches
  5 hobgoblins
  5 jackals (D:1)
  3 quokkas
  7 bats (D:1)
  6 frilled lizards
  7 goblins
  3 kobolds
  A leopard gecko skeleton (D:4)
  9 rats
69 creatures vanquished.

Notes
Turn   | Place    | Note
-------+----------+-------------------------------------------
     0 | D:1      | Cattac the Halfling Hunter began the quest for the Orb.
     0 | D:1      | Reached XP level 1. HP: 14/14 MP: 1/1
   135 | D:1      | Reached XP level 2. HP: 18/19 MP: 2/2
   169 | D:1      | Reached skill level 6 in Slings
   598 | D:1      | Reached XP level 3. HP: 24/25 MP: 3/3
  1129 | D:2      | Reached XP level 4. HP: 30/30 MP: 4/4
  1269 | D:2      | Found a glowing silver altar of Zin.
  1302 | D:2      | Became a worshipper of Zin the Law-Giver
  1303 | D:2      | Donated 27 gold pieces to Zin
  1363 | D:2      | Found a shadowy altar of Dithmenos.
  1773 | D:3      | Noticed Terence
  1777 | D:3      | Killed Terence
  1777 | D:3      | Reached XP level 5. HP: 36/36 MP: 5/5
  1894 | D:3      | Reached * piety under Zin
  2097 | D:3      | Noticed Jessica
  2104 | D:3      | Killed Jessica
  2260 | D:4      | Reached skill level 7 in Slings
  2263 | D:4      | HP: 2/55 [poisoned by a worker ant]
  2619 | D:4      | Reached XP level 6. HP: 34/43 MP: 6/6
  2658 | D:4      | Found a staircase to the Ecumenical Temple.
  2674 | Temple   | Entered the Ecumenical Temple
  2870 | Temple   | Fell from the grace of Zin
  2870 | Temple   | Became a worshipper of the Shining One
  2991 | D:4      | Found the ring of the Octopus King
  3013 | D:4      | Got a ring of the Octopus King
  3015 | D:4      | Identified a ring of the Octopus King {MP+9 AC+1 EV+1 Str+1 Int+1 Dex+1} (You found it on level 4 of the Dungeon)
  3244 | D:4      | Killed from afar by an orc wizard

Vault maps used:
D:1:      dpeg_arrival_ratfight, minmay_split_cup_large
D:2:      marbit_many_paths, grunt_dithmenos_smoke
D:3:      first_ration, kennysheep_jessica_study, uniq_jessica, uniq_terence
D:4:      minmay_temple_entry_trees
Temple:   eino_temple_rhombus

Skill      XL: |  1  2  3  4  5  6 |
---------------+-------------------+-----
Fighting       | 2 3 4 |  4.1
Slings         | 6 7 |  7.1
Dodging        | 3 |  3.7
Stealth        | |  1.1

Action                   |  1- 3 |  4- 6 || total
-------------------------+-------+-------++-------
Melee: Whip              |       |    11 ||    11
       Flail             |       |    15 ||    15
 Fire: Hunting sling     |    97 |   115 ||   212
Throw: Stone             |       |    12 ||    12
Invok: Donate Gold       |       |     1 ||     1
       Recite            |       |     2 ||     2
  Use: Scroll            |     1 |     3 ||     4
       Potion            |       |     4 ||     4
  Eat: Ration            |       |     2 ||     2
Armor: Ring mail         |     3 |       ||     3
       Leather armour    |     1 |       ||     1
       Scale mail        |    13 |    30 ||    43
Dodge: Dodged            |    35 |    56 ||    91
Block: Other             |       |     2 ||     2

Table legend:
 A = Spawn XP
 B = Non-spawn XP
 C = Spawn XP percentage of total XP
 D = Spawn monster count
 E = Non-spawn monster count
 F = Spawn count percentage of total count
 G = Total turns spent on level
                    A         B        C        D         E        F      G
               +---------+---------+-------+---------+---------+-------+---------
         Total |       0 |     328 |   0.0 |       0 |      69 |   0.0 |  3244
               +---------+---------+-------+---------+---------+-------+---------
           D:1 |       0 |      49 |   0.0 |       0 |      29 |   0.0 |   871
           D:2 |       0 |      42 |   0.0 |       0 |      10 |   0.0 |   681
           D:3 |       0 |     138 |   0.0 |       0 |      22 |   0.0 |   625
           D:4 |       0 |      99 |   0.0 |       0 |       8 |   0.0 |   858
               +---------+---------+-------+---------+---------+-------+---------
